 Dungeon Crawl Stone Soup version 0.21.0-3-g78d12a8 (webtiles) character file.

119670 reriks1 the Severer (level 15, 15/154 HPs)
             Began as a Deep Dwarf Fighter on Jan 15, 2018.
             Was a High Priest of Makhleb.
             Quit the game on level 4 of the Shoals.
             The game lasted 00:25:43 (17574 turns).

reriks1 the Severer (Deep Dwarf Fighter)           Turns: 17574, Time: 00:25:43

Health: 15/154     AC: 25    Str: 30    XL:     15   Next: 98%
Magic:  28/28      EV: 15    Int: 17    God:    Makhleb [*****.]
Gold:   1282       SH:  9    Dex: 13    Spells: 14/14 levels left

rFire    + . .     SeeInvis .   G - +3 broad axe (flame)
rCold    + . .     Gourm    .   O - +2 buckler "Povueh" {rElec rPois Int+2}
rNeg     + . .     Faith    .   c - +0 plate armour
rPois    +         Spirit   .   P - +3 hat of Pondering {ponderous, MR+ MP+10 Int+5}
rElec    +         Reflect  .   H - +1 cloak {+Inv}
rCorr    .         Harm     .   Z - +2 pair of gloves
MR       +++..                  (no boots)
Stlth    ..........             X - amulet of Vitality {Regen+ HP+15}
HPRegen  0.00/turn              p - +3 ring of strength
MPRegen  0.21/turn              U - ring of the Octopus King {rC+ AC+1 EV+1 Str+1 Int+1 Dex+1}

@: barbed spikes, non-regenerating, slow
A: damage resistance, heal wounds, fangs 1, fire resistance 1, negative energy
resistance 1, sense surroundings 2, no regeneration
}: 1/15 runes: serpentine
a: Heal Wounds, Minor Destruction, Lesser Servant of Makhleb, Major Destruction,
Greater Servant of Makhleb, Renounce Religion, Evoke Invisibility


You were on level 4 of the Shoals.
You worshipped Makhleb.
Makhleb was extremely pleased with you.
You were not hungry.

You visited 6 branches of the dungeon, and saw 28 of its levels.
You also visited: Sewer and Bailey.

You collected 1282 gold pieces.

Inventory:

Hand Weapons
 G - a +3 broad axe of flaming (weapon)
Missiles
 M - 36 tomahawks of returning (quivered)
Armour
 c - a +0 plate armour (worn)
 H - a +1 cloak of invisibility (worn)
 O - the +2 buckler "Povueh" (worn) {rElec rPois Int+2}
   (You acquired it on level 15 of the Dungeon)

   It affects your intelligence (+2).
   It insulates you from electricity.
   It protects you from poison.
 P - the +3 hat of Pondering (worn) {ponderous, MR+ MP+10 Int+5}
   (You took it off Gastronok on level 10 of the Dungeon)

   It affects your intelligence (+5).
   It affects your resistance to hostile enchantments.
   It affects your magic capacity (+10).
 Z - a +2 pair of gloves (worn)
Jewellery
 g - a cursed ring of protection from cold {unknown}
 k - an uncursed amulet of rage
 l - a +4 amulet of reflection
 p - a +3 ring of strength (left hand)
 x - an uncursed ring of see invisible
 y - an uncursed amulet of the gourmand {unknown}
 J - an uncursed ring of flight
 U - a ring of the Octopus King (right hand) {rC+ AC+1 EV+1 Str+1 Int+1 Dex+1}
   (You found it on level 13 of the Dungeon)

   [ring of protection from cold]

   It affects your AC (+1).
   It affects your evasion (+1).
   It affects your strength (+1).
   It affects your intelligence (+1).
   It affects your dexterity (+1).
   It protects you from cold.
 X - the amulet of Vitality (around neck) {Regen+ HP+15}
   (You found it on level 11 of the Dungeon)

   [amulet of regeneration]

   It affects your health (+15).
   It increases your rate of regeneration.
Wands
 a - a wand of paralysis (9)
 R - a wand of digging (21)
 V - a wand of flame (4)
Scrolls
 e - 4 scrolls of enchant armour
 j - a scroll of random uselessness
 m - 3 scrolls of fog
 o - 8 scrolls of remove curse
 v - 6 scrolls of teleportation
 w - 3 scrolls of fear
 D - 14 scrolls of identify
 Q - 2 scrolls of amnesia
 T - a scroll of magic mapping
 Y - a scroll of blinking
Potions
 d - 4 potions of might
 h - 11 potions of degeneration
 n - 6 potions of flight
 q - a potion of haste
 r - 2 potions of invisibility
 s - 3 potions of magic
 u - 5 potions of curing
 z - a potion of lignification
 E - 5 potions of ambrosia
 I - 3 potions of heal wounds
 K - 3 potions of brilliance
 N - 6 potions of agility {unknown}
Books
 b - a book of Geomancy

   Spells                             Type                      Level
   a - Sandblast                      Earth                        1
   b - Passwall                       Transmutation/Earth          2
   c - Stone Arrow                    Conjuration/Earth            3
   d - Petrify                        Transmutation/Earth          4
   e - Lee's Rapid Deconstruction     Earth                        5
Comestibles
 f - 39 rations


   Skills:
 + Level 10.3 Fighting
 * Level 16.1 Axes
 + Level 12.0 Armour
 + Level 11.6 Dodging
 + Level 12.1 Shields
 * Level 16.0 Invocations


You had 14 spell levels left.
You didn't know any spells.

Dungeon Overview and Level Annotations

Branches:
Dungeon (15/15)            Temple (1/1) D:7            Lair (3/6) D:10
 Shoals (4/4) Lair:2        Snake (4/4) Lair:3          Orc (1/2) D:11
 Vaults (0/5) D:14         Depths (0/5) D:15

Altars:
Ashenzari
Cheibriados
Dithmenos
Elyvilon
Fedhas
Hepliaklqana
Kikubaaqudgha
Makhleb
Nemelex Xobeh
Okawaru
Qazlal
Ru
Uskayaw
Vehumet
Wu Jian
Xom
Yredelemnul
Zin
The Shining One

Annotations:
D:4 2 transporters


Innate Abilities, Weirdness & Mutations

You are resistant to damage.
You can heal yourself by infusing magical energy.
You resist negative energy. (rN+)
You passively map the area around you.
You do not regenerate.
You have very sharp teeth.
Your flesh is heat resistant. (rF+)


Message History

You barely miss the water nymph.
The water nymph is severely wounded.
The water nymph touches you. The water nymph drowns you!
* * * LOW HITPOINT WARNING * * *
You slice the water nymph!! You burn the water nymph.
You kill the water nymph!
Makhleb accepts your kill.
You feel better.
The barbed spikes dig painfully into your body as you move.
* * * LOW HITPOINT WARNING * * *
g - an iron ring
Things that are here:
an arrow; a water nymph corpse The barbed spikes dig painfully into your body as you move.
You see here a manticore corpse.
Search for what [Enter for "axe", or ? for help]? ring Welcome back, reriks1 the Deep Dwarf Fighter.
Blood and souls for Makhleb!
Press ? for a list of commands and other information.
Are you sure you want to abandon this character and quit the game? (Confirm with "yes".)

≈≈≈≈≈≈≈≈≈≈....≈≈....#))†().....≈*
≈≈≈≈≈≈≈≈≈.........^..#)).).....,≈
≈≈≈≈≈≈≈≈.............#..)......<≈
≈≈≈≈≈≈≈≈...†...†....P#.........,≈
≈≈≈≈≈≈≈≈...........≈..#.......≈≈≈
≈≈≈≈≈≈≈≈≈......#####≈........≈P≈≈
≈≈≈≈≈≈≈≈≈≈....##...##...P.....≈≈≈
≈≈≈≈≈≈≈≈≈≈≈...#.....#.≈≈PP≈PP≈P≈≈
≈≈≈≈≈≈≈≈≈≈≈≈≈.'.@(..#≈≈≈≈P≈P≈PP≈≈
≈≈≈≈≈≈≈≈≈≈≈≈≈≈#..(..#≈≈≈≈≈P≈P≈P≈≈
≈≈≈≈≈≈≈≈≈≈≈≈≈≈##...##≈≈P≈≈≈≈≈≈≈≈≈
≈≈≈≈≈≈≈≈≈≈≈≈≈≈≈#####≈≈≈≈≈≈≈≈≈≈≈≈≈
≈≈≈≈≈≈≈≈≈≈≈≈≈≈≈≈≈≈≈≈≈≈≈≈≈≈≈≈≈≈≈≈≈
≈≈≈≈≈≈≈≈≈≈≈≈≈≈≈≈≈≈≈≈≈≈≈≈≈≈≈≈≈≈≈≈≈
≈≈≈≈≈≈≈≈≈≈≈≈≈≈≈≈≈≈≈≈≈≈≈≈≈≈≈≈≈≈≈≈≈
≈≈≈≈≈≈≈≈≈≈≈≈≈≈≈≈≈≈≈≈≈≈≈≈≈≈≈≈≈≈≈≈≈
≈≈≈≈≈≈≈≈≈≈≈≈≈≈≈≈≈≈≈≈≈≈≈≈≈≈≈≈≈≈≈≈≈


There were no monsters in sight!

Vanquished Creatures
  Gastronok (D:10)
  Ilsuiw (Shoals:4)
  A fire giant (D:15)
  3 nagarajas (Snake:4)
  A merfolk javelineer (Shoals:4)
  2 merfolk impalers (Shoals:4)
  2 hydras (D:15)
  8 vault guards (D:14)
  2 centaur warriors
  3 anacondas (Snake:2)
  An alligator snapping turtle (Shoals:4)
  6 naga warriors
  2 merfolk aquamancers (Shoals:4)
  3 tengu warriors (D:15)
  3 two-headed ogres
  4 naga sharpshooters
  3 shock serpents (Snake:2)
  4 sea snakes
  3 naga ritualists (Snake:4)
  4 unseen horrors
  An unseen horror (shapeshifter) (D:13)
  An orc knight (Bailey)
  A necromancer (Lair:2)
  2 cyclopes
  4 mana vipers
  7 ugly things
  A salamander (Snake:2)
  2 centaur zombies
  10 manticores
  Maurice (D:8)
  8 merfolk sirens
  16 black mambas
  9 naga magi
  Psyche (D:8)
  2 water nymphs (Shoals:4)
  4 centaur skeletons
  4 gargoyles
  5 spiny frogs
  4 komodo dragons
  4 kobold demonologists
  An efreet (D:14)
  A redback zombie (D:15)
  12 merfolk
  4 trolls
  2 hornets
  3 snapping turtles
  8 hippogriffs
  3 slime creatures (D:13)
  Prince Ribbit (D:7)
  19 yaks
  A basilisk (Lair:2)
  2 water elementals
  2 shadows
  A vampire (D:12)
  4 wyverns
  5 hungry ghosts
  2 steam dragons
  2 vampire mosquitoes (D:9)
  15 nagas
  An acid dragon (D:14)
  2 soldier ants (D:10)
  2 hell hounds (D:10)
  5 water moccasins
  19 orc warriors
  A meliai simulacrum (D:14)
  6 porcupines
  4 ice beasts
  3 black bears
  2 hornet zombies (D:14)
  4 sky beasts
  7 ogres
  2 eyes of draining
  6 wolves
  5 boggarts (D:14)
  A phantom (D:4)
  8 crocodiles
  16 centaurs
  23 big kobolds
  2 gnoll sergeants
  14 bullfrogs
  3 wyvern skeletons
  4 scorpions
  16 wights
  3 howler monkeys
  8 crimson imps
  9 hounds
  5 quasits
  2 bullfrog skeletons
  A bullfrog zombie (D:7)
  2 jellies
  8 orc priests
  A gnoll shaman (D:6)
  Crazy Yiuf (D:3)
  Jessica (D:2)
  3 iguanas
  21 orc wizards
  17 worker ants
  2 yak simulacra (Lair:2)
  A polar bear simulacrum (Lair:2)
  3 wolf simulacra (Lair:2)
  2 hound skeletons (D:9)
  11 adders
  18 gnolls
  3 shadow imps
  2 oozes
  An adder zombie (D:6)
  3 adder skeletons (D:8)
  3 dart slugs
  5 leopard geckos
  67 orcs
  3 ball pythons
  15 bats
  3 giant cockroaches
  5 goblins
  11 hobgoblins
  14 jackals
  33 kobolds
  7 quokkas
  7 frilled lizards
  A jackal zombie (D:6)
  A leopard gecko skeleton (D:4)
  A leopard gecko zombie (D:6)
  15 rats
  5 river rat simulacra (Lair:2)
  A fungus (Lair:2)
  4 plants (Shoals:4)
717 creatures vanquished.

Vanquished Creatures (collateral kills)
  A nagaraja (Snake:4)
  Aizul (Snake:1)
  3 naga warriors (Snake:4)
  2 anacondas (Snake:4)
  A hydra (Lair:3)
  A merfolk avatar (Shoals:3)
  4 naga sharpshooters
  A shock serpent (Snake:4)
  A salamander mystic (Snake:4)
  A sea snake (Shoals:2)
  3 naga ritualists (Snake:4)
  2 salamanders (Snake:4)
  3 manticores
  2 naga magi
  A water nymph (Shoals:4)
  2 black mambas (Snake:4)
  3 merfolk
  A hippogriff (Shoals:1)
  20 nagas
  A centaur (Shoals:2)
  A plant (Shoals:1)
55 creatures vanquished.

Vanquished Creatures (others)
  A naga (Snake:4)
  A swamp drake (D:11)
  An ice beast (D:8)
  A necrophage (D:8)
  A centaur (D:8)
  A crimson imp (D:8)
  An orc wizard (D:13)
  2 kobolds (Bailey)
  A fungus (Lair:3)
  2 plants (Shoals:4)
12 creatures vanquished.

Grand Total: 784 creatures vanquished

Notes
Turn   | Place    | Note
-------+----------+-------------------------------------------
     0 | D:1      | reriks1 the Deep Dwarf Fighter began the quest for the Orb.
     0 | D:1      | Reached XP level 1. HP: 20/20 MP: 1/1
   114 | D:1      | Reached XP level 2. HP: 22/27 MP: 2/2
   211 | D:1      | Reached skill level 1 in Dodging
   211 | D:1      | Reached XP level 3. HP: 21/33 MP: 3/3
   529 | D:2      | Reached XP level 4. HP: 27/42 MP: 4/4
   741 | D:2      | Noticed Jessica
   756 | D:2      | Killed Jessica
  1095 | D:3      | Reached XP level 5. HP: 39/49 MP: 5/5
  1161 | D:3      | Found a sparkling altar of Nemelex Xobeh.
  1551 | D:3      | Found a stormy altar of Qazlal.
  1852 | D:3      | Found a runed door.
  2061 | D:3      | Noticed Crazy Yiuf
  2069 | D:3      | Killed Crazy Yiuf
  2181 | D:4      | Noticed a phantom
  2206 | D:4      | Killed a phantom
  2206 | D:4      | Reached XP level 6. HP: 56/56 MP: 6/6
  2255 | D:4      | Gained mutation: You have very sharp teeth. [potion of mutation]
  2255 | D:4      | Gained mutation: Your flesh is heat resistant. (rF+) [potion of mutation]
  2265 | D:5      | Entered Level 5 of the Dungeon
  2282 | D:5      | Reached skill level 5 in Axes
  2406 | D:6      | Reached XP level 7. HP: 48/63 MP: 7/7
  2537 | D:6      | Reached skill level 5 in Shields
  2656 | D:6      | Reached skill level 5 in Armour
  2679 | D:6      | Found a glowing drain.
  2688 | Sewer    | Entered a sewer
  3369 | D:6      | Reached XP level 8. HP: 38/73 MP: 8/8
  3499 | D:7      | Found a staircase to the Ecumenical Temple.
  3507 | Temple   | Entered the Ecumenical Temple
  3572 | Temple   | Became a worshipper of Makhleb the Destroyer
  3601 | D:7      | Noticed Prince Ribbit
  3710 | D:7      | Killed Prince Ribbit
  3889 | D:5      | Found a shadowy altar of Dithmenos.
  3897 | D:5      | Found a white marble altar of Elyvilon.
  3900 | D:5      | Found an iron altar of Okawaru.
  3903 | D:5      | Found a radiant altar of Vehumet.
  3968 | D:5      | Found a hazy altar of Hepliaklqana.
  4302 | D:4      | Reached skill level 5 in Fighting
  4405 | D:4      | Gained mutation: You passively map the area around you. [Deep Dwarf growth]
  4405 | D:4      | Reached XP level 9. HP: 55/81 MP: 8/8
  4414 | D:4      | Reached * piety under Makhleb
  4420 | D:4      | Noticed a kobold demonologist
  4443 | D:4      | Found a transporter.
  4482 | D:4      | Found a transporter.
  4800 | D:7      | Reached skill level 5 in Dodging
  4847 | D:7      | Got a scorched scimitar
  4848 | D:7      | Identified the +8 scimitar "Gutapnin" {venom, rElec} (You found it on level 7 of the Dungeon)
  5025 | D:7      | Found a white marble altar of Elyvilon.
  5133 | D:7      | Found a snail-covered altar of Cheibriados.
  5213 | D:7      | Found a glowing silver altar of Zin.
  5582 | D:8      | Noticed Psyche
  5591 | D:8      | Killed Psyche
  5618 | D:8      | Noticed Maurice
  5636 | D:8      | Killed Maurice
  5664 | D:8      | Found a glowing golden altar of the Shining One.
  5665 | D:8      | Found an ancient bone altar of Kikubaaqudgha.
  5694 | D:8      | Found a hide-covered altar of Uskayaw.
  6026 | D:9      | Reached ** piety under Makhleb
  6029 | D:9      | Reached XP level 10. HP: 87/91 MP: 8/8
  6173 | D:9      | Found a flagged portal.
  6190 | Bailey   | Entered a bailey
  6208 | Bailey   | Noticed an orc knight
  6262 | Bailey   | Killed an orc knight
  6262 | Bailey   | Reached skill level 1 in Invocations
  6580 | D:9      | Reached skill level 10 in Axes
  6676 | D:9      | Noticed an orange demon
  6696 | D:9      | Reached *** piety under Makhleb
  6707 | D:9      | Noticed a smoke demon
  6711 | D:9      | Reached skill level 5 in Invocations
  6947 | D:9      | Reached XP level 11. HP: 76/99 MP: 12/12
  7102 | D:10     | Entered Level 10 of the Dungeon
  7183 | D:10     | Noticed Gastronok
  7237 | D:10     | Killed Gastronok
  7237 | D:10     | Reached **** piety under Makhleb
  7434 | D:10     | Found a staircase to the Lair.
  7619 | D:10     | Noticed an unseen horror
  7624 | D:10     | Killed an unseen horror
  8086 | Lair:1   | Entered Level 1 of the Lair of Beasts
  8368 | Lair:1   | Found a dark tunnel.
  8953 | Lair:2   | Reached XP level 12. HP: 109/109 MP: 11/11
  9073 | Lair:2   | Reached ***** piety under Makhleb
  9365 | Lair:2   | Found a white marble altar of Elyvilon.
  9432 | Lair:2   | Found a staircase to the Shoals.
  9785 | Lair:3   | Found a staircase to the Snake Pit.
  9843 | Lair:3   | Reached skill level 10 in Invocations
  9930 | Lair:3   | Noticed a six-headed hydra
  9950 | Lair:3   | Killed a 15-headed hydra
 10811 | D:11     | Found the amulet of Vitality {Regen+ HP+15}
 11147 | D:11     | Found a staircase to the Orcish Mines.
 11262 | Orc:1    | Entered Level 1 of the Orcish Mines
 11451 | D:12     | Found a labyrinth entrance.
 11572 | D:12     | Noticed a two-headed ogre
 11581 | D:12     | Killed a two-headed ogre
 11598 | D:12     | Reached XP level 13. HP: 113/117 MP: 14/14
 11850 | D:12     | Reached ****** piety under Makhleb
 12353 | D:13     | Found the ring of the Octopus King
 12372 | D:13     | Got a ring of the Octopus King
 12374 | D:13     | Identified a ring of the Octopus King {rC+ AC+1 EV+1 Str+1 Int+1 Dex+1} (You found it on level 13 of the Dungeon)
 12547 | D:13     | Reached skill level 10 in Armour
 12798 | D:13     | Reached skill level 10 in Shields
 13572 | D:14     | Reached skill level 10 in Dodging
 13676 | D:14     | Gained mutation: You resist negative energy. (rN+) [Deep Dwarf growth]
 13676 | D:14     | Reached XP level 14. HP: 129/129 MP: 16/16
 13705 | D:14     | Found a gate to the Vaults.
 14146 | D:15     | Entered Level 15 of the Dungeon
 14224 | D:15     | Identified a scroll of acquirement
 14225 | D:15     | Got a translucent buckler
 14236 | D:15     | Identified the +2 buckler "Povueh" {rElec rPois Int+2} (You acquired it on level 15 of the Dungeon)
 14253 | D:15     | Found a staircase to the Depths.
 14253 | D:15     | Noticed a fire giant
 14274 | D:15     | Killed a fire giant
 15103 | Snake:1  | Entered Level 1 of the Snake Pit
 15649 | Snake:4  | Entered Level 4 of the Snake Pit
 15657 | Snake:4  | Reached skill level 15 in Axes
 15776 | Snake:4  | Noticed a nagaraja
 15781 | Snake:4  | Reached XP level 15. HP: 120/138 MP: 17/17
 15789 | Snake:4  | Killed a nagaraja
 15873 | Snake:4  | Noticed a nagaraja
 15880 | Snake:4  | Killed a nagaraja
 15902 | Snake:4  | Noticed a nagaraja
 15905 | Snake:4  | Noticed a nagaraja
 15916 | Snake:4  | Killed a nagaraja
 15916 | Snake:4  | Reached skill level 15 in Invocations
 15920 | Snake:4  | Killed a nagaraja
 15925 | Snake:4  | Reached skill level 10 in Fighting
 15966 | Snake:4  | Got a serpentine rune of Zot
 16479 | Snake:1  | Noticed Aizul
 16500 | Snake:1  | Killed Aizul
 17229 | Shoals:1 | Entered Level 1 of the Shoals
 17359 | Shoals:4 | Entered Level 4 of the Shoals
 17425 | Shoals:4 | Noticed an Executioner
 17447 | Shoals:4 | Noticed Ilsuiw
 17496 | Shoals:4 | Killed Ilsuiw
 17567 | Shoals:4 | HP: 6/154 [drowned by a water nymph (11)]
 17569 | Shoals:4 | HP: 1/154 [drowned by a water nymph (5)]
 17574 | Shoals:4 | Quit the game

Skill      XL: |  1  2  3  4  5  6  7  8  9 10 11 12 13 14 15 |
---------------+----------------------------------------------+-----
Axes           | 3 4 5 6 7 9 10 11 13 14 15 16 | 16.1
Dodging        | 1 2 3 4 6 7 8 9 10 11 | 11.6
Fighting       | 3 4 5 6 7 8 9 10 | 10.3
Shields        | 4 5 6 7 8 9 10 11 12 | 12.1
Armour         | 4 5 6 7 8 9 10 11 12 | 12.0
Invocations    | 5 8 11 13 14 16 | 16.0

Action                   |  1- 3 |  4- 6 |  7- 9 | 10-12 | 13-15 || total
-------------------------+-------+-------+-------+-------+-------++-------
Melee: War axe           |   100 |   211 |   373 |  1064 |    74 ||  1822
       Bite              |       |     3 |    52 |   133 |   139 ||   327
       Scimitar          |       |       |     4 |       |       ||     4
       Broad axe         |       |       |       |       |   931 ||   931
Invok: Lesser Servant of |       |       |       |     2 |       ||     2
       Greater Servant o |       |       |       |       |    16 ||    16
 Abil: Heal Wounds       |       |     5 |    15 |    16 |    27 ||    63
Evoke: Wand              |       |       |       |       |    27 ||    27
  Use: Scroll            |       |    10 |     5 |    10 |     6 ||    31
       Potion            |       |     1 |     1 |     3 |     1 ||     6
 Stab: Distracted        |       |       |       |       |     5 ||     5
  Eat: Chunk             |       |     6 |    12 |    23 |    21 ||    62
       Ration            |       |       |       |       |     3 ||     3
Armor: Scale mail        |    53 |    66 |   104 |       |       ||   223
       Plate armour      |       |       |    92 |   358 |   502 ||   952
Dodge: Dodged            |    37 |    62 |   149 |   212 |   521 ||   981
Block: Shield            |    62 |   135 |   197 |       |       ||   394
       Large shield      |       |       |   194 |  1192 |   412 ||  1798
       Reflection        |       |       |     6 |    26 |       ||    32
       Buckler           |       |       |       |       |   325 ||   325
